 Dungeon Crawl Stone Soup version 0.27-a0-1149-g4505690ab0 (webtiles) character file.

Game seed: 17503590789770723620

81 leviel the Skirmisher (level 4, -2/40 HPs)
             Began as a Minotaur Fighter on May 12, 2021.
             Slain by a gnoll
             ... wielding a +0 spear
              (3 damage)
             ... on level 4 of the Dungeon.
             The game lasted 00:03:32 (936 turns).

leviel the Skirmisher (Minotaur Fighter)             Turns: 936, Time: 00:03:33

Health: -2/40      AC:  8    Str: 21    XL:     4   Next: 19%
Magic:  3/3        EV:  7    Int:  5    God:
Gold:   92         SH:  9    Dex: 10    Spells: 3/3 levels left

rFire    . . .     SeeInvis .   a - +0 war axe
rCold    . . .     Faith    .   c - +0 kite shield
rNeg     . . .     Spirit   .   b - +0 scale mail
rPois    .         Reflect  .   (helmet restricted)
rElec    .         Harm     .   j - +0 cloak
rCorr    .         Rampage  .   (no gloves)
Will     .....                  (no boots)
Stlth    ..........             (no amulet)
HPRegen  0.13/turn              (no ring)
MPRegen  0.08/turn              (no ring)

@: no status effects
A: horns 2, retaliatory headbutt
a: no special abilities


You were on level 4 of the Dungeon.
You visited 1 branch of the dungeon, and saw 3 of its levels.

You collected 92 gold pieces.

Inventory:

Hand Weapons
 a - a +0 war axe (weapon)
Armour
 b - a +0 scale mail (worn)
 c - a +0 kite shield (worn)
 j - a +0 cloak (worn)
Scrolls
 e - a scroll of magic mapping {unknown}
 f - a scroll of noise {unknown}
 g - a scroll of teleportation {unknown}
 i - a scroll of identify {unknown}
Potions
 d - a potion of might


   Skills:
 + Level 4.2 Fighting
 * Level 3.9 Axes
 + Level 4.2 Armour
 + Level 4.2 Shields


You had 3 spell levels left.
You didn't know any spells.
Your spell library was empty.

Dungeon Overview and Level Annotations

Branches:
Dungeon (2/15)

Altars:
Kikubaaqudgha


Innate Abilities, Weirdness & Mutations

You have a pair of horns on your head.
You reflexively headbutt those who attack you in melee.


Message History

The gnoll is moderately wounded.
The gnoll hits you with a +0 spear.
The gnoll hits you from afar with a +0 halberd.
You block the gnoll's attack.
You barely miss the gnoll.
The gnoll is moderately wounded.
The gnoll hits you from afar with a +0 halberd.
You block the gnoll's attack.
The gnoll hits you from afar with a +0 halberd.
* * * LOW HITPOINT WARNING * * *
You are too injured to fight recklessly!
You are too injured to fight recklessly!
You are too injured to fight recklessly!
You are too injured to fight recklessly!
You are too injured to fight recklessly!
You are too injured to fight recklessly!
You are too injured to fight recklessly!
You are too injured to fight recklessly!
You are too injured to fight recklessly!
You are too injured to fight recklessly!
You are too injured to fight recklessly!
You are too injured to fight recklessly!
You are too injured to fight recklessly!
You are too injured to fight recklessly!
You are too injured to fight recklessly!
You are too injured to fight recklessly!
You are too injured to fight recklessly!
You are too injured to fight recklessly!
You are too injured to fight recklessly!
You barely miss the gnoll.
The gnoll is moderately wounded.
You block the gnoll's attack.
The gnoll hits you but does no damage. x2
The gnoll closely misses you.
You closely miss the gnoll. Your headbutt misses the gnoll.
The gnoll is moderately wounded.
You block the gnoll's attack.
The gnoll hits you from afar with a +0 halberd!
* * * LOW HITPOINT WARNING * * *
The gnoll hits you with a +0 spear.
You die...

#############
.........!..#############
.............ggg@........
###########)$#########...
#?......# #.......# #
#[......# # #.[.....# #
#.......# # #.......#
######## #.......#


You could see 3 gnolls.

Vanquished Creatures
  A hound skeleton (D:4)
  A gnoll (D:4)
  2 adders
  An adder skeleton (D:4)
  2 dart slugs (D:1)
  3 ball pythons
  3 goblins (D:1)
  3 hobgoblins
  6 jackals
  3 quokkas (D:1)
  2 bats (D:1)
  6 frilled lizards
  A kobold (D:2)
34 creatures vanquished.

Notes
Turn   | Place    | Note
-------+----------+-------------------------------------------
     0 | D:1      | leviel the Minotaur Fighter began the quest for the Orb.
     0 | D:1      | Reached XP level 1. HP: 19/19 MP: 0/0
    69 | D:1      | Reached XP level 2. HP: 27/27 MP: 1/1
   699 | D:2      | Reached XP level 3. HP: 32/33 MP: 2/2
   794 | D:2      | You fall into a shaft and drop 2 floors!
   794 | D:4      | Found an ancient bone altar of Kikubaaqudgha.
   916 | D:4      | Reached XP level 4. HP: 40/40 MP: 3/3
   936 | D:4      | HP: 1/40 [gnoll/+0 halberd (10)]
   936 | D:4      | Slain by a gnoll

Illustrated notes

Levels and vault maps discovered:
D:1:      zelgadis_glass_arrival_small, layout_basic, corexii_hall_statues_l
D:2:      layout_basic, shapermc_ecumenical_altar_hornbeckon
D:4:      layout_basic, kiku_gazebo_pond_becter

Skill      XL: |  1  2  3 |
---------------+----------+-----
Axes           | 3 |  3.9
Shields        | 4 |  4.2
Armour         | 4 |  4.2
Fighting       | 4 |  4.2

Action                   |  1- 3 |  4- 6 || total
-------------------------+-------+-------++-------
Melee: War axe           |    72 |    11 ||    83
       Headbutt          |     9 |     1 ||    10
  Use: Potion            |       |     1 ||     1
Armor: Scale mail        |    51 |     8 ||    59
Dodge: Dodged            |    28 |     7 ||    35
Block: Kite shield       |    39 |    13 ||    52

Table legend: (Time is in decaauts)
 A = Elapsed time spent in this place.
 B = Non-inter-level travel time spent in this place.
 C = Inter-level travel time spent in this place.
 D = Time resting spent in this place.
 E = Time spent auto-exploring this place.
 F = Levels seen in this place.
 G = Mean time per level.
                   A        B        C        D        E       F      G
               +--------+--------+--------+--------+--------+-----+--------+
         Total |    984 |    977 |      7 |      0 |    752 |   3 |  328.0 |
       Dungeon |    984 |    977 |      7 |      0 |    752 |   3 |  328.0 |
               +--------+--------+--------+--------+--------+-----+--------+

Top non-repeatable levels by time:
     D:1: 715 daAuts
     D:4: 156 daAuts
     D:2: 113 daAuts
